MLB
TORONTO BLUE JAYS @ MINNESOTA TWINS
05/02/2018
 
TOP OF THE 1ST
Toronto Blue Jays batting - Pitching for Minnesota Twins : RHP Reynaldo Lopez
Pitching: RHP Reynaldo Lopez
Batting: LHB Dee Gordon 0-0: Ball
1-0: Called Strike
1-1: SINGLE (Groundball, 25) (infield hit)
Batting: RHB Elvis Andrus 0-0: DOUBLE (Line Drive, 7LM)
Dee Gordon to third
Runner from 3rd tries for Home, SAFE, throw made home
Batting: SHB Josh Bell 0-0: Ball
1-0: Ball
2-0: Called Strike
2-1: Foul Ball, location: 2F
2-2: Ball
3-2: 2-RUN HOME RUN (Flyball, 7D), Distance : 377 ft
Batting: RHB Nicholas Castellanos 0-0: Ball
1-0: Ball
2-0: SINGLE (Flyball, 78S)
Batting: LHB Carlos Gonzalez 0-0: Ball
1-0: Fly out, F9 (Flyball, 89M)
Batting: RHB Keon Broxton 0-0: Ball
1-0: Called Strike
1-1: Ball
2-1: Ball
3-1: Foul Ball, location: 2F
3-2: Base on Balls
Nicholas Castellanos to second
Batting: RHB Jorge Soler 0-0: Swinging Strike
0-1: Ball
1-1: Called Strike
1-2: Ball
2-2: Ball
3-2: SINGLE (Line Drive, 34D)
Nicholas Castellanos to third
Keon Broxton to second
Batting: SHB Billy Hamilton 0-0: TRIPLE (Flyball, 89XD)
Nicholas Castellanos scores
Keon Broxton scores
Jorge Soler scores
Batting: RHB Austin Hedges 0-0: Ball
1-0: Called Strike
1-1: Ball
2-1: Foul Ball, location: 2F
2-2: Ball
3-2: Foul Ball, location: 2F
3-2: Foul Ball, location: 2F
3-2: Base on Balls
Batting: LHB Dee Gordon 0-0: SINGLE (Line Drive, 56D)
Billy Hamilton scores
Austin Hedges to second
Batting: RHB Elvis Andrus 0-0: SINGLE (Line Drive, 8LS)
Austin Hedges to third
Dee Gordon to second
Runner from 3rd tries for Home, SAFE, no throw
Batting: SHB Josh Bell 0-0: Ball
1-0: Fly out, F6 (Popup, 6MD)
Batting: RHB Nicholas Castellanos 0-0: Called Strike
0-1: Ball
1-1: Swinging Strike
1-2: Ball
2-2: TRIPLE (Flyball, 8RXD)
Dee Gordon scores
Elvis Andrus scores
Batting: LHB Carlos Gonzalez 0-0: Fly out, F8 (Line Drive, 8RM)
Top of the 1st over - 10 runs, 9 hits, 0 errors, 1 left on base; Toronto 10 - Minnesota 0
BOTTOM OF THE 1ST
Minnesota Twins batting - Pitching for Toronto Blue Jays : RHP Marcus Stroman
Pitching: RHP Marcus Stroman
Batting: RHB Whit Merrifield 0-0: Ground out U3 (Groundball, 34S)
Batting: RHB Ian Kinsler 0-0: Swinging Strike
0-1: Fly out, F8 (Flyball, 8LD)
Batting: RHB Howie Kendrick 0-0: Ball
1-0: Ball
2-0: Called Strike
2-1: Foul Ball, location: 2F
2-2: Ball
3-2: Foul Ball, location: 2F
3-2: Foul Ball, location: 2F
3-2: Base on Balls
Batting: LHB Freddie Freeman 0-0: Ball
1-0: Ball
2-0: Foul Ball, location: 2F
2-1: Foul Ball, location: 2F
2-2: Foul Ball, location: 2F
2-2: Ball
Howie Kendrick steals 2nd base
3-2: Foul Ball, location: 2F
3-2: Strikes out looking
Bottom of the 1st over - 0 runs, 0 hits, 0 errors, 1 left on base; Toronto 10 - Minnesota 0
TOP OF THE 2ND
Toronto Blue Jays batting - Pitching for Minnesota Twins : RHP Reynaldo Lopez
Batting: RHB Keon Broxton 0-0: Called Strike
0-1: Foul Ball, location: 2F
0-2: Ball
1-2: Strikes out swinging
Batting: RHB Jorge Soler 0-0: Called Strike
0-1: Ball
1-1: DOUBLE (Groundball, 5L)
Batting: SHB Billy Hamilton 0-0: Called Strike
0-1: Ball
Wild Pitch!
Jorge Soler to third
1-1: Called Strike
1-2: Ground out 4-3 (Groundball, 4)
Jorge Soler scores
Batting: RHB Austin Hedges 0-0: Fly out, F5 (Popup, 5)
Top of the 2nd over - 1 run, 1 hit, 0 errors, 0 left on base; Toronto 11 - Minnesota 0
BOTTOM OF THE 2ND
Minnesota Twins batting - Pitching for Toronto Blue Jays : RHP Marcus Stroman
Batting: SHB Kendrys Morales 0-0: Foul Ball, location: 2F
0-1: Ground out 5-3 (Groundball, 5)
Batting: RHB Avisail Garcia 0-0: Fly out, F7 (Line Drive, 7D)
Batting: RHB Maikel Franco 0-0: Called Strike
0-1: Foul Ball, location: 2F
0-2: Ground out 1-3 (Groundball, 13)
Bottom of the 2nd over - 0 runs, 0 hits, 0 errors, 0 left on base; Toronto 11 - Minnesota 0
TOP OF THE 3RD
Toronto Blue Jays batting - Pitching for Minnesota Twins : RHP Reynaldo Lopez
Batting: LHB Dee Gordon 0-0: Swinging Strike
0-1: Called Strike
0-2: Ball
1-2: Ball
2-2: Strikes out swinging
Batting: RHB Elvis Andrus 0-0: Ball
1-0: Ball
2-0: Ground out 4-3 (Groundball, 34)
Batting: SHB Josh Bell 0-0: Called Strike
0-1: Ball
1-1: SINGLE (Groundball, 6MD)
Batting: RHB Nicholas Castellanos 0-0: Fly out, F8 (Line Drive, 8LM)
Top of the 3rd over - 0 runs, 1 hit, 0 errors, 1 left on base; Toronto 11 - Minnesota 0
BOTTOM OF THE 3RD
Minnesota Twins batting - Pitching for Toronto Blue Jays : RHP Marcus Stroman
Batting: RHB Chris Iannetta 0-0: Ball
1-0: Swinging Strike
1-1: Called Strike
1-2: Foul Ball, location: 2F
1-2: Strikes out swinging
Batting: LHB Eric Sogard 0-0: Called Strike
0-1: Ball
1-1: Called Strike
1-2: Ball
2-2: Foul Ball, location: 2F
2-2: Ball
3-2: Foul Ball, location: 2F
3-2: Base on Balls
Batting: RHB Whit Merrifield 0-0: Called Strike
0-1: Ball
1-1: Fielders Choice at 2nd, 3-6 (Groundball, 3S)
Batting: RHB Ian Kinsler 0-0: Ball
1-0: Fly out, F8 (Flyball, 78XD)
Bottom of the 3rd over - 0 runs, 0 hits, 0 errors, 1 left on base; Toronto 11 - Minnesota 0
TOP OF THE 4TH
Toronto Blue Jays batting - Pitching for Minnesota Twins : RHP Reynaldo Lopez
Batting: LHB Carlos Gonzalez 0-0: Foul Ball, location: 2F
0-1: Ball
1-1: Ball
2-1: Fly out, F9 (Flyball, 9LSF)
Batting: RHB Keon Broxton 0-0: Ball
1-0: Fly out, F7 (Line Drive, 7D)
Batting: RHB Jorge Soler 0-0: Swinging Strike
0-1: Foul Ball, location: 2F
0-2: Ball
1-2: Ground out 6-3 (Groundball, 6M)
Top of the 4th over - 0 runs, 0 hits, 0 errors, 0 left on base; Toronto 11 - Minnesota 0
BOTTOM OF THE 4TH
Minnesota Twins batting - Pitching for Toronto Blue Jays : RHP Marcus Stroman
Batting: RHB Howie Kendrick 0-0: Ball
1-0: Ball
2-0: Called Strike
2-1: Ground out 6-3 (Groundball, 6)
Batting: LHB Freddie Freeman 0-0: Foul Ball, location: 2F
0-1: Ball
1-1: Fly out, F7 (Flyball, 7LDF)
Batting: SHB Kendrys Morales 0-0: Called Strike
0-1: SOLO HOME RUN (Flyball, 78XD), Distance : 396 ft
Batting: RHB Avisail Garcia 0-0: Ball
1-0: Called Strike
1-1: Called Strike
1-2: Fly out, F7 (Flyball, 7LS)
Bottom of the 4th over - 1 run, 1 hit, 0 errors, 0 left on base; Toronto 11 - Minnesota 1
TOP OF THE 5TH
Toronto Blue Jays batting - Pitching for Minnesota Twins : RHP Reynaldo Lopez
Batting: SHB Billy Hamilton 0-0: Ball
1-0: Called Strike
1-1: Swinging Strike
1-2: Ball
2-2: Strikes out swinging, 2-3 out at first.
Batting: RHB Austin Hedges 0-0: Ball
1-0: Called Strike
1-1: Fly out, F9 (Line Drive, 9)
Batting: LHB Dee Gordon 0-0: Ball
1-0: Ground out 6-3 (Groundball, 6)
Top of the 5th over - 0 runs, 0 hits, 0 errors, 0 left on base; Toronto 11 - Minnesota 1
BOTTOM OF THE 5TH
Minnesota Twins batting - Pitching for Toronto Blue Jays : RHP Marcus Stroman
Batting: RHB Maikel Franco 0-0: Called Strike
0-1: Ball
1-1: Swinging Strike
1-2: Foul Ball, location: 2F
1-2: Ball
2-2: Ball
3-2: Strikes out swinging
Batting: RHB Chris Iannetta 0-0: Ball
1-0: Called Strike
1-1: Swinging Strike
1-2: Strikes out looking
Batting: LHB Eric Sogard 0-0: Ball
1-0: Foul Ball, location: 2F
1-1: Foul Ball, location: 2F
1-2: Foul Ball, location: 2F
1-2: Ball
2-2: Foul Ball, location: 2F
2-2: Ground out 1-3 (Groundball, 34S)
Bottom of the 5th over - 0 runs, 0 hits, 0 errors, 0 left on base; Toronto 11 - Minnesota 1
TOP OF THE 6TH
Toronto Blue Jays batting - Pitching for Minnesota Twins : RHP Reynaldo Lopez
Pitching: RHP Victor Arano
Batting: RHB Elvis Andrus 0-0: Ball
1-0: Called Strike
1-1: Foul Ball, location: 2F
1-2: Fly out, F6 (Line Drive, 6)
Batting: SHB Josh Bell 0-0: Ball
1-0: Foul Ball, location: 2F
1-1: Ball
2-1: Swinging Strike
2-2: Foul Ball, location: 2F
2-2: Ground out 6-3 (Groundball, 6)
Batting: RHB Nicholas Castellanos 0-0: Foul Ball, location: 2F
0-1: Ball
1-1: Ball
2-1: Foul Ball, location: 2F
2-2: Strikes out looking
Top of the 6th over - 0 runs, 0 hits, 0 errors, 0 left on base; Toronto 11 - Minnesota 1
BOTTOM OF THE 6TH
Minnesota Twins batting - Pitching for Toronto Blue Jays : RHP Marcus Stroman
Batting: RHB Whit Merrifield 0-0: DOUBLE (Line Drive, 7LM)
Batting: RHB Ian Kinsler 0-0: Foul Ball, location: 2F
0-1: Ball
1-1: Foul Ball, location: 2F
1-2: SINGLE (Line Drive, 78S)
Whit Merrifield to third
Runner from 3rd tries for Home, SAFE, throw made home
Batting: RHB Howie Kendrick 0-0: Ball
1-0: Called Strike
1-1: Ball
2-1: Foul Ball, location: 2F
2-2: Strikes out looking
Batting: LHB Freddie Freeman 0-0: Ball
1-0: Ball
2-0: Called Strike
2-1: SINGLE (Line Drive, 9S)
Ian Kinsler to second
Batting: SHB Kendrys Morales 0-0: Ball
1-0: Fly out, F7 (Flyball, 7LS)
Batting: RHB Avisail Garcia 0-0: Ball
1-0: Called Strike
1-1: Ball
2-1: SINGLE (Groundball, 56D)
Ian Kinsler to third
Freddie Freeman to second
Runner from 3rd tries for Home, SAFE, throw made home
Pitching: RHP Emilio Pagan
Batting: RHB Maikel Franco 0-0: Fielders Choice at 2nd, U6 (Groundball, 6M)
Bottom of the 6th over - 2 runs, 4 hits, 0 errors, 2 left on base; Toronto 11 - Minnesota 3
TOP OF THE 7TH
Toronto Blue Jays batting - Pitching for Minnesota Twins : RHP Victor Arano
Batting: LHB Carlos Gonzalez 0-0: Ball
1-0: Swinging Strike
1-1: Foul Ball, location: 2F
1-2: Foul Ball, location: 2F
1-2: Ball
2-2: Ball
3-2: Base on Balls
Batting: RHB Keon Broxton 0-0: Ball
1-0: Called Strike
1-1: Foul Ball, location: 2F
1-2: Ball
2-2: Foul Ball, location: 2F
2-2: Fly out, F7 (Flyball, 7LMF)
Batting: RHB Jorge Soler 0-0: Called Strike
0-1: Foul Ball, location: 2F
0-2: Foul Ball, location: 2F
0-2: Ball
1-2: Foul Ball, location: 2F
1-2: Foul Ball, location: 2F
1-2: Ball
2-2: Fly out, F5 (Popup, 5)
Batting: SHB Billy Hamilton 0-0: Ball
1-0: Ground out 6-3 (Groundball, 6MS)
Top of the 7th over - 0 runs, 0 hits, 0 errors, 1 left on base; Toronto 11 - Minnesota 3
BOTTOM OF THE 7TH
Minnesota Twins batting - Pitching for Toronto Blue Jays : RHP Emilio Pagan
Batting: RHB Chris Iannetta 0-0: Ball
1-0: Called Strike
1-1: Ball
2-1: Ball
3-1: Base on Balls
Batting: LHB Eric Sogard 0-0: Grounds into double play, 5-4-3 (Groundball, 56)
Batting: RHB Whit Merrifield 0-0: Called Strike
0-1: Ball
1-1: Fly out, F7 (Flyball, 7LS)
Bottom of the 7th over - 0 runs, 0 hits, 0 errors, 0 left on base; Toronto 11 - Minnesota 3
TOP OF THE 8TH
Toronto Blue Jays batting - Pitching for Minnesota Twins : RHP Victor Arano
Pitching: RHP A.J. Ramos
Batting: RHB Austin Hedges 0-0: Ball
1-0: Called Strike
1-1: Foul Ball, location: 2F
1-2: Foul Ball, location: 2F
1-2: Ball
2-2: Foul Ball, location: 2F
2-2: Strikes out swinging
Batting: LHB Dee Gordon 0-0: Called Strike
0-1: Fly out, F9 (Flyball, 9D)
Pinch Hitting: RHB Dixon Machado 0-0: Foul Ball, location: 2F
0-1: Called Strike
0-2: Ball
1-2: Foul Ball, location: 2F
1-2: Ball
2-2: Strikes out swinging
Top of the 8th over - 0 runs, 0 hits, 0 errors, 0 left on base; Toronto 11 - Minnesota 3
BOTTOM OF THE 8TH
Minnesota Twins batting - Pitching for Toronto Blue Jays : RHP Emilio Pagan
Now at SS: Dixon Machado
Batting: RHB Ian Kinsler 0-0: Called Strike
0-1: Ball
1-1: Ball
2-1: Ball
3-1: Called Strike
3-2: SINGLE (Groundball, 6MD)
Batting: RHB Howie Kendrick 0-0: Ground out 6-3 (Groundball, 6S)
Ian Kinsler to second
Batting: LHB Freddie Freeman 0-0: Ball
1-0: Foul Ball, location: 2F
1-1: Ball
2-1: Foul Ball, location: 2F
2-2: Ball
3-2: Base on Balls
Batting: SHB Kendrys Morales 0-0: Swinging Strike
0-1: Grounds into double play, 4-6-3 (Groundball, 4M)
Bottom of the 8th over - 0 runs, 1 hit, 0 errors, 1 left on base; Toronto 11 - Minnesota 3
TOP OF THE 9TH
Toronto Blue Jays batting - Pitching for Minnesota Twins : RHP A.J. Ramos
Batting: SHB Josh Bell 0-0: Ball
1-0: Foul Ball, location: 2F
1-1: Called Strike
1-2: Fly out, F3 (Popup, 3SF)
Batting: RHB Nicholas Castellanos 0-0: Ball
1-0: SINGLE (Flyball, 7LM)
Batting: LHB Carlos Gonzalez 0-0: Ball
1-0: Ball
2-0: Swinging Strike
2-1: Foul Ball, location: 2F
2-2: Ball
3-2: Base on Balls
Nicholas Castellanos to second
Batting: RHB Keon Broxton 0-0: Ball
1-0: Swinging Strike
1-1: Called Strike
1-2: Strikes out looking
Batting: RHB Jorge Soler 0-0: Foul Ball, location: 2F
0-1: Ball
1-1: Called Strike
1-2: Ball
2-2: Ball
3-2: Strikes out looking
Top of the 9th over - 0 runs, 1 hit, 0 errors, 2 left on base; Toronto 11 - Minnesota 3
BOTTOM OF THE 9TH
Minnesota Twins batting - Pitching for Toronto Blue Jays : RHP Emilio Pagan
Batting: RHB Avisail Garcia 0-0: Fly out, F7 (Flyball, 7D)
Batting: RHB Maikel Franco 0-0: Ball
1-0: Foul Ball, location: 2F
1-1: Foul Ball, location: 2F
1-2: Ball
2-2: Foul Ball, location: 2F
2-2: Ground out 5-3 (Groundball, 56S)
Batting: RHB Chris Iannetta 0-0: Ball
1-0: Fly out, F7 (Flyball, 7S)
Bottom of the 9th over - 0 runs, 0 hits, 0 errors, 0 left on base; Toronto 11 - Minnesota 3
Saturday, June 23rd, 2018 - OOTP Baseball 19.6 Build 53